 Dungeon Crawl Stone Soup version 0.29.1-13-g9f3cf754e1 (webtiles) character file.

Game seed: 16267602021346623377

333 Descartes the Ducker (level 6, -1/28 HPs)
             Began as a Felid Monk on Jan 29, 2023.
             Slain by a gnoll
             ... wielding a +0 spear
              (10 damage)
             ... on level 2 of the Dungeon.
             The game lasted 00:06:04 (4322 turns).

Descartes the Ducker (Felid Monk)                   Turns: 4322, Time: 00:06:05

Health: -1/28      AC:  2    Str:  9    XL:     6   Next: 27%
Magic:  7/7        EV: 20    Int: 12    God:
Gold:   96         SH:  0    Dex: 18    Spells: 5/5 levels left
                                        Lives:  0   Deaths: 1

rFire   . . .      SeeInvis +     - Unarmed
rCold   . . .      Faith    .   (shield unavailable)
rNeg    . . .      Spirit   .   (body armour unavailable)
rPois   .          Reflect  .   (helmet unavailable)
rElec   .          Harm     .   (cloak unavailable)
rCorr   .          Rampage  .   (gloves unavailable)
Will    .....                   (boots unavailable)
Stlth   +++.......              (no amulet)
HPRegen 0.09/turn               (no ring)
MPRegen 0.10/turn               (no ring)

@: quick
A: very small, claws 1, fangs 3, see invisible, speed 1, shaggy fur 2, stealthy
paws, no weapons or thrown items, no armour, multi-lived
a: no special abilities


You were on level 2 of the Dungeon.
You visited 1 branch of the dungeon, and saw 2 of its levels.

You collected 96 gold pieces.

Inventory:

Scrolls
 a - 2 scrolls of identify {unknown}
 b - a scroll of fear {unknown}
 c - a scroll of vulnerability {unknown}
 e - a scroll of butterflies {unknown}
 h - a scroll of teleportation {unknown}
Potions
 d - a potion of heal wounds {unknown}
 f - a potion of lignification {unknown}
 g - a potion of flight {unknown}
 i - a potion of brilliance {unknown}


   Skills:
 + Level 4.1 Fighting
 + Level 5.3 Dodging
 + Level 4.7 Stealth
 + Level 4.1 Unarmed Combat
 + Level 3.1 Translocations
 + Level 2.6 Evocations


You had 5 spell levels left.
You didn't know any spells.
Your spell library contained the following spells:

 Spells                   Type           Power      Damage    Failure   Level
 Blink                    Tloc           14%        N/A       14%         2
 Gell's Gravitas          Tloc           7%         N/A       28%         3
 Lesser Beckoning         Tloc           7%         N/A       28%         3
 Teleport Other           Tloc           7%         N/A       28%         3
 Manifold Assault         Tloc           7%         N/A       95%         5
 Dispersal                Tloc           3%         N/A       100%        6


Dungeon Overview and Level Annotations

Branches:
Dungeon (2/15)

Altars:


Innate Abilities, Weirdness & Mutations

You have sharp claws.
You have razor-sharp teeth.
You have supernaturally acute eyesight. (SInv)
You cover ground quickly. (Speed+)
You are covered in thick fur. (AC +2)
Your paws help you pounce on unaware monsters.
You are incapable of wielding weapons or throwing items.
You cannot wear armour.
You gain extra lives every three experience levels.


Message History

The gnoll misses you.
You climb upwards.
There is a stone staircase leading down here.
HP restored.
Done exploring.
You climb downwards.
There is a stone staircase leading up here.
The gnoll completely misses you. The gnoll misses you.
You barely miss the gnoll. You bite the gnoll, but do no damage.
The gnoll barely misses you. The gnoll closely misses you.
You scratch the gnoll.
The gnoll is moderately wounded.
The gnoll completely misses you. The gnoll hits you with a +0 spear.
You scratch the gnoll but do no damage. Your bite misses the gnoll.
The gnoll is moderately wounded.
The gnoll misses you. x2
You barely miss the gnoll. Your bite misses the gnoll.
The gnoll is moderately wounded.
You scratch the gnoll.
The gnoll is severely wounded.
The gnoll completely misses you. The gnoll misses you.
You completely miss the gnoll.
The gnoll is severely wounded.
The gnoll hits you from afar with a +0 spear.
The gnoll hits you with a +0 spear.
You barely miss the gnoll.
The gnoll is severely wounded.
The gnoll barely misses you. The gnoll hits you with a +0 spear.
You scratch the gnoll.
You kill the gnoll!
The gnoll misses you. The gnoll hits you with a +0 spear.
You are too injured to fight recklessly!
You are too injured to fight recklessly!
You are too injured to fight recklessly!
You scratch the gnoll but do no damage. You bite the gnoll.
The gnoll is moderately wounded.
The gnoll hits you with a +0 spear!
You die...

#.......g.....#######..
#.####...###### ### #.#
##.## ####### #.#
##...## #......
#.###..[..## #.#####
#.##.......## #.#
#...........#####.#
###...g...........#
#..)@.....#######
##.............#
##....<######.######
##<..## #>...... #####
########


You could see a gnoll.

Vanquished Creatures
  Sigmund (D:2)
  A hound (D:2)
  2 jellies (D:2)
  Terence (D:2)
  3 gnolls
  An adder (D:2)
  A worm (D:2)
  2 dart slugs (D:1)
  5 ball pythons
  9 endoplasms
  2 giant cockroaches
  2 goblins (D:1)
  4 hobgoblins
  5 jackals (D:1)
  13 kobolds
  A bat (D:1)
  2 frilled lizards (D:1)
  5 rats
60 creatures vanquished.

Vanquished Creatures (others)
  7 fungi (D:2)
  8 toadstools (D:2)
15 creatures vanquished.

Grand Total: 75 creatures vanquished

Notes
Turn   | Place    | Note
-------+----------+-------------------------------------------
     0 | D:1      | Descartes the Felid Monk began the quest for the Orb.
     0 | D:1      | Reached XP level 1. HP: 10/10 MP: 2/2
   349 | D:1      | Reached XP level 2. HP: 14/14 MP: 3/3
   813 | D:1      | Found a faded altar of an unknown god.
   841 | D:1      | Reached skill level 1 in Evocations
  1274 | D:1      | Reached XP level 3. HP: 17/17 MP: 4/4
  2021 | D:2      | Noticed Sigmund
  2066 | D:2      | Identified the +6 long sword "Lafuz" {holy, *Rage rPois
                  | Dex+10 Stlth-}
  2144 | D:2      | Noticed Terence
  2172 | D:2      | Reached skill level 1 in Translocations
  2172 | D:2      | Reached XP level 4. HP: 13/21 MP: 5/5
  2189 | D:2      | Slain by Terence
  2190 | D:2      | Reached XP level 3. HP: -1/17 MP: 4/4
  2945 | D:2      | Reached XP level 4. HP: 10/21 MP: 5/5
  3250 | D:2      | Killed Terence
  3498 | D:2      | Killed Sigmund
  3499 | D:2      | Reached skill level 5 in Dodging
  3499 | D:2      | Reached XP level 5. HP: 20/25 MP: 6/6
  3499 | D:2      | Gained mutation: You are covered in thick fur. (AC +2)
                  | [Felid growth]
  3499 | D:2      | Reached XP level 6. HP: 22/28 MP: 7/7
  4322 | D:2      | Slain by a gnoll

Illustrated notes

Levels and vault maps discovered:
D:1:      nicolae_arrival_memento_mori, layout_loops_corners,
          ebering_ecumenical_altar_box
D:2:      cheibrodos_fertilizer, layout_loops_ring, uniq_sigmund, uniq_terence

Skill      XL: |  1  2  3  4 |
---------------+-------------+-----
Stealth        | 3 4 |  4.7
Evocations     | 1 2 |  2.6
Translocations | 1 3 |  3.1
Fighting       | 4 |  4.1
Dodging        | 5 |  5.3
Unarmed Combat | 4 |  4.1

Action                   |  1- 3 |  4- 6 || total
-------------------------+-------+-------++-------
Melee: Unarmed           |   128 |    80 ||   208
       Bite              |    11 |    13 ||    24
       Punch             |     5 |     1 ||     6
  Use: Potion            |     1 |       ||     1
 Stab: Sleeping          |    15 |       ||    15
       Distracted        |     1 |     1 ||     2
Armor: Skin              |     6 |     1 ||     7
Dodge: Dodged            |   127 |    67 ||   194
